 Dungeon Crawl Stone Soup version 0.30-a0-808-g6e0788376e (webtiles) character file.

Game seed: 5345738991704666581

3434 Twinkles the Covert (level 10, -1/71 HPs)
             Began as an Octopode Brigand on Feb 26, 2023.
             Was an Initiate of Gozag.
             Slain by a yak (4 damage)
             ... on level 7 of the Dungeon on Feb 27, 2023.
             The game lasted 00:27:34 (8062 turns).

Twinkles the Covert (Octopode Brigand)              Turns: 8062, Time: 00:27:35

Health: -1/71      AC:  6    Str: 14    XL:     10   Next: 5%
Magic:  10/10      EV: 15    Int: 15    God:    Gozag
Gold:   1302       SH:  0    Dex: 13    Spells: 9/9 levels left

rFire   . . .      SeeInvis .    a - +2 dagger
rCold   . . .      Faith    .    (no shield)
rNeg    . . .      Spirit   .    t - +1 hat
rPois   .          Reflect  .    (no amulet)
rElec   .          Harm     .    h - ring of flight
rCorr   .          Rampage  .    w - +4 ring of protection
Will    .....                    (no ring)
Stlth   ++++++                   (no ring)
HPRegen 0.31/turn                (no ring)
MPRegen 0.12/turn                (no ring)
                                 (no ring)
                                 (no ring)

@: flying
A: almost no armour, amphibious, 8 rings, camouflage 1, gelatinous body 1,
(nimble swimmer 1), tentacles
a: Renounce Religion, Potion Petition, Call Merchant, Bribe Branch


You were on level 7 of the Dungeon.
You worshipped Gozag.
Gozag was most pleased with you.
You visited 2 branches of the dungeon, and saw 9 of its levels.
You also visited: Sewer.

You collected 1358 gold pieces.
You paid 56 gold pieces to Gozag.

Inventory:

Hand Weapons
 a - a +2 dagger (weapon)
 d - a +1 dagger of venom
 f - a +2 dagger of draining
Missiles
 b - 19 poisoned darts (quivered)
 c - 3 curare-tipped darts
Armour
 t - a +1 hat (worn)
Jewellery
 h - a ring of flight (left tentacle)
 w - a +4 ring of protection (right tentacle)
 C - a ring of ice
 D - a ring of fire
Wands
 i - a wand of iceblast (5)
 q - a wand of flame (18)
 y - a wand of mindburst (14)
Scrolls
 e - 2 scrolls of acquirement {unknown}
 g - 2 scrolls of magic mapping {unknown}
 j - a scroll of fog {unknown}
 n - 2 scrolls of enchant armour {unknown}
 o - 2 scrolls of torment {unknown}
 s - a scroll of poison {unknown}
 u - a scroll of blinking {unknown}
 x - 2 scrolls of butterflies
 F - a scroll of immolation {unknown}
 G - a scroll of enchant weapon {unknown}
 Y - 8 scrolls of teleportation
 Z - 2 scrolls of identify
Potions
 k - 3 potions of degeneration {unknown}
 l - 3 potions of haste {unknown}
 m - 2 potions of magic {unknown}
 p - 2 potions of attraction {unknown}
 r - 6 potions of mutation {unknown}
 v - 3 potions of brilliance {unknown}
 z - a potion of lignification {unknown}
 A - 3 potions of might {unknown}
 B - a potion of cancellation {unknown}
 E - 2 potions of heal wounds {unknown}
 J - 3 potions of curing


   Skills:
 + Level 7.0 Fighting
 - Level 2.0 Short Blades
 - Level 2.0 Throwing
 + Level 6.7 Dodging
 + Level 11.0 Stealth
 * Level 7.5 Unarmed Combat


You had 9 spell levels left.
You didn't know any spells.
Your spell library contained the following spells:

 Spells                   Type           Power      Damage    Failure   Level
 Call Canine Familiar     Summ           0%         N/A       63%         3
 Frozen Ramparts          Ice            0%         1d1       63%         3
 Portal Projectile        Hex/Tloc       0%         N/A       63%         3
 Vhi's Electric Charge    Tloc/Air       0%         N/A       63%         3
 Ice Form                 Ice/Tmut       0%         N/A       95%         4
 Leda's Liquefaction      Hex/Erth       0%         N/A       95%         4
 Summon Ice Beast         Ice/Summ       0%         N/A       95%         4
 Arcjolt                  Conj/Air       0%         1d10      100%        5
 Maxwell's Capacitive Co  Air            0%         ∞         100%        8


Dungeon Overview and Level Annotations

Branches:
Dungeon (8/15) Zot: 26886  Temple (1/1) D:4 Zot: 5748   Sewer (visited)
   Lair: D:8-11

Altars:
Ashenzari
Cheibriados
Dithmenos
Elyvilon
Fedhas
Gozag
Kikubaaqudgha
Nemelex Xobeh
Okawaru
Qazlal
Sif Muna
Trog
Vehumet
Wu Jian
Xom
Yredelemnul
Zin
The Shining One

Annotations:
D:4 exclusion: black bear, Blork the orc
D:5 2 exclusions


Innate Abilities, Weirdness & Mutations

You cannot wear most types of armour.
You are amphibious.
You can wear up to eight rings at the same time.
Your skin changes colour to match your surroundings (Stealth+).
Your rubbery body absorbs attacks. (AC +1, EV +1)
((You are camouflaged when in or above water. (Stealth+)))
You have tentacles for arms and can constrict up to eight enemies at once.


Message History

You are too injured to fight recklessly!
You barely miss the yak. You squeeze the yak.
The yak is moderately wounded.
The yak gores you!
You hit the yak.
You tentacle-slap the yak, but do no damage.
Your squeeze misses the yak.
The yak is moderately wounded.
The yak gores you but does no damage.
You hit the yak but do no damage. You tentacle-slap the yak.
The yak is moderately wounded.
You hit the yak.
Your tentacle-slap misses the yak.
You squeeze the yak, but do no damage.
The yak is heavily wounded.
The yak gores you!
You hit the yak but do no damage.
The yak is heavily wounded.
The yak gores you!
You hit the yak but do no damage.
The yak is heavily wounded.
The yak gores you.
* * * LOW HITPOINT WARNING * * *
You hit the yak but do no damage. You tentacle-slap the yak.
The yak is heavily wounded.
The yak barely misses you.
You hit the yak but do no damage.
The yak is heavily wounded.
The yak gores you.
* * * LOW HITPOINT WARNING * * *
Aiming: Mindburst
Press: ? - help, Shift-Dir - straight line, f - yak
Aim: a yak (heavily wounded, chance to affect: 64%)
The yak struggles to resist.
The yak gores you!
* * * LOW HITPOINT WARNING * * *
Aiming: Mindburst
Press: ? - help, Shift-Dir - straight line, f/p - yak
Aim: a yak (heavily wounded, chance to affect: 64%)
The yak's mind is blasted!
The yak gores you.
You die...
Your body crumbles into a pile of gold.

####### ......###########
#####...........## #######
#............##########.....#
#.###.#...#..#...(.(....###.#
#.#............###......# #.#
#.#.#.##.##....# #.####.###.#
#.#..........Y.# #.# #.....#
#.#.#.......@.## #.# ##..###
#.#.##.#.#.#..# #.#####..###
#.#.##....##..## #.#.........
##
#.#.##.#.......###.#.###..#.#
.# #............#.....#.#
#..#.# .#
###....#####...#####.# #..#.#
.######..####......# #.#
#..... .#............###..#
#.# #.##.#
.#.####............#
#.###.#...


You could see a yak.

Vanquished Creatures
  Pikel (D:5)
  Eustachio (D:5)
  2 water moccasins
  A sky beast (D:7)
  2 black bears
  2 centaurs (D:6)
  3 ogres
  2 lemures (D:5)
  A phantom (D:5)
  2 kobold brigands
  4 bullfrogs
  2 necrophages
  4 scorpions
  5 wights (D:7)
  A jelly (D:6)
  7 hounds
  Crazy Yiuf (D:7)
  An orc priest (D:7)
  A gnoll bouda (D:3)
  Ijyb (D:5)
  An iguana (D:7)
  An orc wizard (D:4)
  Robin (D:2)
  5 gnolls
  9 river rats
  11 adders
  A shadow imp (D:6)
  3 white imps
  An ufetubus (D:6)
  7 worms
  3 dart slugs
  11 orcs
  19 ball pythons
  7 bats
  10 endoplasms
  4 giant cockroaches
  21 goblins
  4 hobgoblins
  A quokka (D:1)
  3 frilled lizards
  17 kobolds
  31 rats
215 creatures vanquished.

Notes
Turn   | Place    | Note
-------+----------+-------------------------------------------
     0 | D:1      | Twinkles the Octopode Brigand began the quest for the Orb.
     0 | D:1      | Reached XP level 1. HP: 14/14 MP: 1/1
   160 | D:1      | Reached XP level 2. HP: 19/19 MP: 2/2
   518 | D:2      | Noticed Robin
   521 | D:2      | Reached skill level 1 in Unarmed Combat
   527 | D:2      | Reached XP level 3. HP: 18/25 MP: 3/3
   546 | D:2      | HP: 6/25 [Robin/+0 club (4)]
   548 | D:2      | Killed Robin
   818 | D:2      | Reached XP level 4. HP: 17/30 MP: 4/4
   821 | D:2      | Reached skill level 6 in Stealth
   899 | D:2      | You are sucked into a shaft and drop 1 floor!
  1431 | D:2      | Found a blossoming altar of Fedhas.
  1576 | D:2      | Found a faded altar of an unknown god.
  1804 | D:3      | Reached XP level 5. HP: 36/36 MP: 5/5
  2279 | D:4      | Found a staircase to the Ecumenical Temple.
  2288 | Temple   | Entered the Ecumenical Temple
  2510 | Temple   | Became a worshipper of Gozag Ym Sagoz the Greedy
  2600 | D:4      | Noticed an ogre
  2880 | D:4      | Found a shadowy altar of Dithmenos.
  2894 | D:4      | Noticed Blork the orc
  3247 | D:4      | Reached XP level 6. HP: 34/42 MP: 6/6
  3380 | D:4      | Reached skill level 7 in Stealth
  3497 | D:4      | Noticed a black bear
  3652 | D:4      | Found an ornate altar of the Wu Jian Council.
  3796 | D:4      | HP: 8/43 [ogre/+0 giant club (35)]
  3798 | D:4      | Reached XP level 7. HP: 9/48 MP: 7/7
  3961 | D:5      | Entered Level 5 of the Dungeon
  3961 | D:5      | Noticed Ijyb
  3965 | D:5      | Killed Ijyb
  3990 | D:5      | Noticed Pikel
  4021 | D:5      | Noticed Eustachio
  4100 | D:5      | Found an ancient bone altar of Kikubaaqudgha.
  4264 | D:5      | Found a shimmering blue altar of Sif Muna.
  4272 | D:5      | Reached skill level 8 in Stealth
  4301 | D:5      | HP: 9/49 [white imp/puff of frost (15)]
  4530 | D:5      | Found a glowing drain.
  4538 | Sewer    | Entered a sewer
  4568 | Sewer    | Reached XP level 8. HP: 54/54 MP: 8/8
  4985 | Sewer    | Reached skill level 5 in Fighting
  5174 | D:5      | Killed Eustachio
  5238 | D:5      | Found a snail-covered altar of Cheibriados.
  5271 | D:5      | Reached skill level 9 in Stealth
  5284 | D:5      | Killed Pikel
  5285 | D:5      | Reached skill level 5 in Dodging
  5285 | D:5      | Reached skill level 5 in Unarmed Combat
  5285 | D:5      | Reached XP level 9. HP: 24/62 MP: 9/9
  5293 | D:5      | Found a stormy altar of Qazlal.
  5722 | D:5      | Reached skill level 10 in Stealth
  6277 | D:6      | HP: 3/63 [ogre/+0 giant club (25)]
  6485 | D:6      | Found a sparkling altar of Nemelex Xobeh.
  6629 | D:6      | Found a glowing golden altar of the Shining One.
  7219 | D:7      | Found a runed translucent door.
  7220 | D:7      | Noticed Crazy Yiuf
  7615 | D:7      | Reached XP level 10. HP: 69/69 MP: 10/10
  7871 | D:7      | Killed Crazy Yiuf
  7872 | D:7      | Reached skill level 11 in Stealth
  8058 | D:7      | HP: 21/71 [yak (4)]
  8061 | D:7      | HP: 3/71 [yak (13)]
  8062 | D:7      | Slain by a yak

Illustrated notes

Levels and vault maps discovered:
D:1:      scummos_arrival_checkerplants, layout_rooms
D:2:      layout_basic, ebering_ecumenical_altar_box, basic_altar, uniq_robin
D:3:      layout_basic
D:4:      layout_cave_pods, lemuel_crystal_altar, mainiacjoe_overflow_boulevard,
          temple_pool_b, uniq_blork_the_orc
D:5:      layout_rooms, chequers_temple_overflow_statue_of_worship,
          mainiacjoe_overflow_alcove_1, lightli_sewer_entry_pipes, uniq_ijyb,
          uniq_pikel, uniq_eustachio
D:6:      layout_rooms, nemelex_dance_club_becter,
          mainiacjoe_overflow_surrounded_room
D:7:      layout_loops_ring, uniq_crazy_yiuf_cottage
D:8:      nicolae_hitomezashi [nicolae_hito_row, nicolae_hito_row,
          nicolae_hito_row, nicolae_hito_row, nicolae_hito_row,
          nicolae_hito_row, nicolae_hito_row, nicolae_hito_row,
          nicolae_hito_row, nicolae_hito_row, nicolae_hito_row,
          nicolae_hito_row, nicolae_hito_row, nicolae_hito_row,
          nicolae_hito_row, nicolae_hito_row, nicolae_hito_row,
          nicolae_hito_row], layout_rooms, eat_drink_and_be_merry_uskayaw,
          mainiacjoe_overflow_tiny_flanked, minmay_fire_ice_demons
Temple:   jpeg_temple_alley_garden

Skill      XL: |  1  2  3  4  5  6  7  8  9 10 |
---------------+-------------------------------+-----
Unarmed Combat | 1 2 3 4 5 7 |  7.5
Dodging        | 2 3 4 5 6 |  6.7
Stealth        | 6 7 8 9 10 11 | 11.0
Fighting       | 3 4 5 6 7 |  7.0
Short Blades   | |  2.0
Throwing       | |  2.0

Action                     |  1- 3 |  4- 6 |  7- 9 | 10-12 || total
---------------------------+-------+-------+-------+-------++-------
  Melee: Dagger            |    63 |    97 |   156 |    12 ||   328
         Constrict         |    16 |    20 |    72 |     4 ||   112
         Tentacles         |    11 |    20 |    83 |     5 ||   119
         Punch             |     1 |     1 |    20 |     3 ||    25
         Unarmed           |       |       |   203 |    17 ||   220
  Throw: Dart              |       |     7 |     8 |       ||    15
  Evoke: Wand              |       |       |     1 |     2 ||     3
    Use: Scroll            |       |     3 |     2 |       ||     5
   Stab: Sleeping          |     9 |    21 |    21 |     1 ||    52
         Distracted        |       |       |     4 |       ||     4
 Armour: Skin              |     4 |     7 |    87 |     1 ||    99
  Dodge: Dodged            |    32 |    36 |   266 |    10 ||   344

Table legend: (Time is in decaauts)
 A = Elapsed time spent in this place.
 B = Non-inter-level travel time spent in this place.
 C = Inter-level travel time spent in this place.
 D = Time resting spent in this place.
 E = Time spent auto-exploring this place.
 F = Levels seen in this place.
 G = Mean time per level.
                   A        B        C        D        E       F      G
               +--------+--------+--------+--------+--------+-----+--------+
         Total |   7996 |   7537 |    459 |    575 |   5123 |  10 |  799.6 |
       Dungeon |   7186 |   6800 |    386 |    575 |   4629 |   8 |  898.2 |
        Temple |    251 |    178 |     73 |      0 |    169 |   1 |  251.0 |
         Sewer |    558 |    558 |      0 |      0 |    325 |   1 |  558.0 |
               +--------+--------+--------+--------+--------+-----+--------+

Top non-repeatable levels by time:
     D:4: 1712 daAuts
     D:6: 1170 daAuts
     D:2: 974 daAuts
     D:7: 961 daAuts
     D:3: 917 daAuts
     D:5: 894 daAuts
   Sewer: 558 daAuts
     D:1: 455 daAuts
  Temple: 251 daAuts
     D:8: 100 daAuts
